 Dungeon Crawl Stone Soup version 0.29.1-2-gbd0b4ee654 (webtiles) character file.

Game seed: 14400955883907115080

5 Ivernyr the Sneak (level 1, -1/11 HPs)
             Began as an Octopode Enchanter on Nov 3, 2022.
             Slain by a jackal (3 damage)
             ... on level 1 of the Dungeon.
             The game lasted 00:01:39 (165 turns).

Ivernyr the Sneak (Octopode Enchanter)               Turns: 165, Time: 00:01:40

Health: -1/11      AC:  1    Str:  7    XL:     1   Next: 80%
Magic:  3/3        EV: 13    Int: 17    God:
Gold:   12         SH:  0    Dex: 12    Spells: 4/4 levels left

rFire   . . .      SeeInvis .   a - +1 dagger
rCold   . . .      Faith    .   (no shield)
rNeg    . . .      Spirit   .   (helmet restricted)
rPois   .          Reflect  .   (no amulet)
rElec   .          Harm     .   (no ring)
rCorr   .          Rampage  .   (no ring)
Will    .....                   (no ring)
Stlth   +++.......              (no ring)
HPRegen 0.03/turn               (no ring)
MPRegen 0.08/turn               (no ring)
                                (no ring)
                                (no ring)

@: no status effects
A: almost no armour, amphibious, 8 rings, camouflage 1, gelatinous body 1,
(nimble swimmer 1), tentacles
a: no special abilities


You were on level 1 of the Dungeon.
You visited 1 branch of the dungeon, and saw 1 of its levels.

You collected 12 gold pieces.

Inventory:

Hand Weapons
 a - a +1 dagger (weapon)
Scrolls
 c - a scroll of magic mapping {unknown}
 e - a scroll of blinking {unknown}
Potions
 b - 2 potions of invisibility
 d - a potion of curing {unknown}


   Skills:
 + Level 1.1 Short Blades
 - Level 2.0 Dodging
 * Level 4.2 Stealth
 + Level 2.0 Spellcasting
 + Level 3.0 Hexes


You had 4 spell levels left.
You didn't know any spells.
Your spell library contained the following spells:

 Spells                   Type           Power      Damage    Failure   Level
 Ensorcelled Hibernation  Hex/Ice        14%        N/A       16%         2
 Confusing Touch          Hex            12%        N/A       16%         3
 Tukima's Dance           Hex            12%        N/A       16%         3
 Dazzling Flash           Conj/Hex       14%        N/A       30%         3


Dungeon Overview and Level Annotations

Branches:
Dungeon (1/15)

Altars:


Innate Abilities, Weirdness & Mutations

You cannot wear most types of armour.
You are amphibious.
You can wear up to eight rings at the same time.
Your skin changes colour to match your surroundings (Stealth+).
Your rubbery body absorbs attacks. (AC +1, EV +1)
((You are camouflaged when in or above water. (Stealth+)))
You have tentacles for arms and can constrict up to eight enemies at once.


Message History

You now have 12 gold pieces.
f - an amulet of faith You don't know any spells.
You start resting.
HP restored.
Okay, then.
Found a robe.
Okay, then.
You drop an amulet of faith. 2 jackals come into view.
A goblin and a frilled lizard come into view.
A goblin comes into view. It is wielding a +0 dagger.
The helpless jackal fails to defend itself.
You puncture the jackal!
You kill the jackal!
The goblin shouts!
The frilled lizard hisses angrily.
The goblin shouts!
The jackal closely misses you. The jackal misses you.
The jackal attacks as you move away! The jackal closely misses you.
The jackal bites you. The jackal attacks as you move away!
The jackal bites you. x2
The jackal attacks as you move away! The jackal bites you.
* * * LOW HITPOINT WARNING * * *
You barely miss the jackal. Your grab misses the jackal.
The jackal closely misses you. The jackal bites you.
* * * LOW HITPOINT WARNING * * *
You hit the jackal. Your grab misses the jackal.
The jackal is moderately wounded.
The jackal bites you but does no damage.
You hit the jackal. Your grab misses the jackal.
The jackal is severely wounded.
The jackal misses you.
You barely miss the jackal.
The goblin shouts!
Your grab misses the jackal.
The jackal is severely wounded.
The jackal closely misses you.
You hit the jackal but do no damage. Your grab misses the jackal.
The jackal is severely wounded.
The jackal bites you.
You die...

###### ##..[.### .
#.....+@#
....##.....#h#
.....glg...#l######
...g...#+#..g.?.....
.......# #...#######
.......#.##..####..
###....#...".......
#########........
#........


You could see a jackal, a goblin and a frilled lizard.

Vanquished Creatures
  A dart slug (D:1)
  A jackal (D:1)
  A kobold (D:1)
3 creatures vanquished.

Notes
Turn   | Place    | Note
-------+----------+-------------------------------------------
     0 | D:1      | Ivernyr the Octopode Enchanter began the quest for the Orb.
     0 | D:1      | Reached XP level 1. HP: 11/11 MP: 3/3
   165 | D:1      | Slain by a jackal

Illustrated notes

Levels and vault maps discovered:
D:1:      lemuel_arrival_broad_hall, layout_basic

Action                   || total
-------------------------++-------
Melee: Dagger            ||    12
       Constrict         ||     1
 Stab: Sleeping          ||     2
Armor: Skin              ||     1
Dodge: Dodged            ||     8
